 Dungeon Crawl Stone Soup version 0.29.1-13-g9f3cf754e1 (webtiles) character file.

Game seed: 17934600354991247535

23 Peloso the Covered (level 2, -1/27 HPs)
             Began as a Minotaur Fighter on Jan 30, 2023.
             Slain by Sigmund
             ... wielding a +0 scythe
              (13 damage)
             ... on level 2 of the Dungeon.
             The game lasted 00:01:39 (977 turns).

Peloso the Covered (Minotaur Fighter)                Turns: 977, Time: 00:01:40

Health: -1/27      AC:  0    Str: 20    XL:     2   Next: 75%
Magic:  1/1        EV: 13    Int:  5    God:
Gold:   106        SH:  0    Dex:  9    Spells: 1/1 levels left

rFire   . . .      SeeInvis .   (weapon currently unavailable)
rCold   . . .      Faith    .   (shield currently unavailable)
rNeg    . . .      Spirit   .   (body armour currently unavailable)
rPois   .          Reflect  .   (helmet currently unavailable)
rElec   .          Harm     .   (cloak currently unavailable)
rCorr   .          Rampage  .   (gloves currently unavailable)
Will    .....                   (boots currently unavailable)
Stlth   +.........              (no amulet)
HPRegen 0.09/turn               (ring currently unavailable)
MPRegen 0.07/turn               (ring currently unavailable)

@: pig-form, very quick
A: fast, no casting, small, (horns 2), (retaliatory headbutt)
a: no special abilities


You were on level 2 of the Dungeon.
You were a filthy swine.
You visited 1 branch of the dungeon, and saw 2 of its levels.

You collected 106 gold pieces.

Inventory:

Hand Weapons
 a - a +1 long sword (melded)
Armour
 b - a +0 scale mail (melded)
 c - a +0 buckler (melded)
Potions
 d - a potion of might
 e - 2 potions of heal wounds {unknown}


   Skills:
 + Level 4.0 Fighting
 + Level 2.6 Long Blades
 + Level 4.2 Armour
 + Level 3.9 Shields


You had one spell level left.
You didn't know any spells.
Your spell library contained the following spells:

 Spells                   Type           Power      Damage    Failure   Level
 Magic Dart               Conj           0%         1d3       47%         1
 Call Imp                 Summ           0%         N/A       63%         2
 Mephitic Cloud           Conj/Pois/Air  0%         N/A       85%         3


Dungeon Overview and Level Annotations

Branches:
Dungeon (2/15)

Altars:

Annotations:
D:2 Sigmund


Innate Abilities, Weirdness & Mutations

You are a filthy swine.
You move quickly.
Your equipment is almost entirely melded.
You are incapable of wielding weapons or throwing items.
You cannot cast spells.
((You have a pair of horns on your head.))
((You reflexively headbutt those who attack you in melee.))


Message History

Things that are here:
a +0 short sword; a kobold corpse
Found an escape hatch in the ceiling.
You now have 106 gold pieces (gained 5).
There is an escape hatch in the ceiling here.
Found an escape hatch in the floor.
Sigmund the Dreaded comes into view.
He is wielding a +0 scythe and carrying a wand of polymorph (6).
Sigmund shouts!
Sigmund is nearby!
Sigmund hits you with a +0 scythe.
You closely miss Sigmund.
Sigmund zaps a wand.
You resist with significant effort.
You hit Sigmund.
Sigmund is lightly wounded.
You block Sigmund's attack.
You hit Sigmund.
Sigmund is moderately wounded.
You block Sigmund's attack.
You barely miss Sigmund. You headbutt Sigmund!
Sigmund is severely wounded.
You block Sigmund's attack.
You barely miss Sigmund.
Sigmund is severely wounded.
Sigmund mumbles some strange words.
Sigmund flickers and vanishes!
Deactivating autopickup; reactivate with Ctrl-A.
You slash something! Your headbutt misses something.
You hear a zap.
You turn into a filthy swine.
Your +1 long sword melds into your body.
Your +0 buckler melds into your body.
Your +0 scale mail melds into your body.
You barely miss something. Something completely misses you.
Unknown command.
You barely miss something. You closely miss something. Something hits you!
You miss something. Something hits you.
You closely miss something. You miss something. Something hits you!
You die...

... .....# #
...#.##.# .
##..#.##.#.#
...#....#.#
##.#.#....#
#....#.>#####.#
#.?...........#
#.......#######
#.#h###.......######
# #{# #.#.#.#<.....#
#.# #.#.#.#......#
..# #.#.#........+
..# #.#)#........#
...# #.#.#......#..
...# #........####.
#...# #...........#.
#.......###...


There were no monsters in sight!

Vanquished Creatures
  A worm (D:2)
  A ball python (D:2)
  A bat (D:1)
  2 endoplasms
  A giant cockroach (D:2)
  2 goblins
  3 hobgoblins (D:1)
  A quokka (D:1)
  3 kobolds
  4 rats
19 creatures vanquished.

Notes
Turn   | Place    | Note
-------+----------+-------------------------------------------
     0 | D:1      | Peloso the Minotaur Fighter began the quest for the Orb.
     0 | D:1      | Reached XP level 1. HP: 19/19 MP: 0/0
   224 | D:1      | Reached XP level 2. HP: 27/27 MP: 1/1
   963 | D:2      | Noticed Sigmund
   977 | D:2      | Slain by Sigmund

Illustrated notes

Levels and vault maps discovered:
D:1:      dpeg_arrival_central, layout_loops_ring
D:2:      layout_basic, st_stairs_4, uniq_sigmund

Skill      XL: |  1  2 |
---------------+-------+-----
Armour         | 4 |  4.2
Fighting       | 4 |  4.0
Long Blades    | |  2.6
Shields        | |  3.9

Action                   || total
-------------------------++-------
Melee: Long sword        ||    37
       Headbutt          ||     5
       Unarmed           ||     6
  Use: Scroll            ||     4
       Potion            ||     1
Armor: Scale mail        ||    13
Dodge: Dodged            ||    13
Block: Buckler           ||    10
